 Dungeon Crawl Stone Soup version 0.18-a0-1575-g920359c (webtiles) character file.

18 Duffy the Sneak (level 2, 0/24 HPs)
             Began as a Formicid Assassin on Mar 16, 2016.
             Succumbed to an adder's poison
             ... on level 2 of the Dungeon.
             The game lasted 00:00:59 (1292 turns).

Duffy the Sneak (Formicid Assassin)                 Turns: 1292, Time: 00:00:59

Health: 0/24       AC:  9    Str: 15    XL:     2   Next: 85%
Magic:  2/2        EV:  6    Int: 10    God:
Gold:   45         SH:  2    Dex: 12    Spells: 0 memorised, 1 level left

rFire  . . .     SeeInvis +     m - +0 hand axe
rCold  . . .     Gourm    .     q - +0 chain mail
rNeg   . . .     Faith    .     (no shield)
rPois  +         Spirit   .     (helmet unavailable)
rElec  .         Dismiss  .     d - +0 cloak
rCorr  .         Reflect  +     (no gloves)
SustAt .         Harm     .     (no boots)
MR     .....                    h - +2 amulet of reflection
Stlth  ..........               (no ring)
                                n - ring of poison resistance

@: lethally poisoned (0 -> -15), not resistant to hostile enchantments,
extremely unstealthy
A: permanent stasis, dig shafts and tunnels, four strong arms, antennae 3
a: Dig, Shaft Self


You were on level 2 of the Dungeon.
You were not hungry.

You visited 1 branch of the dungeon, and saw 2 of its levels.

You collected 45 gold pieces.


Innate Abilities, Weirdness & Mutations

You are under a permanent stasis effect.
You can dig through walls and to a lower floor.
Your four strong arms can wield two-handed weapons with a shield.
You have a pair of large antennae on your head (SInv).


   Skills:
 + Level 3.1 Fighting
 - Level 2.0 Short Blades
 + Level 1.0 Axes
 - Level 2.0 Throwing
 - Level 0.8 Dodging
 - Level 4.8 Stealth


You had one spell level left.
You didn't know any spells.

Inventory:

Hand Weapons
 a - a +2 dagger
 b - a +0 blowgun
 m - a +0 hand axe (weapon)
Missiles
 e - 8 poisoned needles
 f - 2 curare-tipped needles
Armour
 c - a +0 robe
 d - a +0 cloak (worn)
 q - a +0 chain mail (worn)
Jewellery
 h - a +2 amulet of reflection (around neck)
 n - a ring of poison resistance (left hand)
Scrolls
 k - a scroll of fear {unknown}
 o - a scroll of recharging {unknown}
Potions
 j - 2 potions of curing {unknown}
 l - a potion of invisibility {unknown}
 p - a potion of heal wounds {unknown}
Comestibles
 g - a bread ration
 i - a meat ration

Dungeon Overview and Level Annotations

Branches:
Dungeon (2/15)

Altars:


Message History

You are too injured to fight recklessly!
You are too injured to fight recklessly!
You are too injured to fight recklessly!
You are too injured to fight recklessly!
You miss the adder.
The adder is heavily wounded.
The adder bites you but does no damage. The adder barely misses you.
You closely miss the adder.
The adder is heavily wounded.
The adder bites you but does no damage. The adder bites you.
You are more poisoned.
The adder poisons you!
You barely miss the adder.
The adder is heavily wounded.
You feel sick. The adder barely misses you.
The adder bites you but does no damage.
You miss the adder.
The adder is heavily wounded.
You feel sick. The adder bites you.
You are lethally poisoned!
The adder poisons you!
You miss the adder.
The adder is heavily wounded.
You feel sick. The adder bites you but does no damage. The adder bites you.
You are more poisoned.
The adder poisons you!
You miss the adder.
The adder is heavily wounded.
You feel sick. The adder bites you but does no damage.
You hit the adder.
The adder is heavily wounded.
You feel sick.
The adder bites you but does no damage. x2
You barely miss the adder.
The adder is heavily wounded.
You die...

#...#
#...#
#...#
#...#
#... #w.
{ #S#
#@# #.#
###.#
#...#
###.#
#.#
#.#....#
#.#....#
#.#....#


You could see a worm and an adder.

Action                   || total
-------------------------++-------
Melee: Dagger            ||    13
       Hand axe          ||    54
 Abil: Dig               ||     1
 Stab: Sleeping          ||     3
  Eat: Chunk             ||     1

Notes
Turn   | Place    | Note
--------------------------------------------------------------
     0 | D:1      | Duffy the Formicid Assassin began the quest for the Orb.
     0 | D:1      | Reached XP level 1. HP: 16/16 MP: 1/1
   252 | D:1      | Reached XP level 2. HP: 18/23 MP: 2/2
   331 | D:1      | Reached skill level 3 in Fighting
  1222 | D:2      | Reached skill level 1 in Axes
  1292 | D:2      | Succumbed to an adder's poison

Vault maps used:
D:1:      zelgadis_glass_arrival_small, due_unseen_surprise
D:2:      grunt_gozag_breadcrumbs, uniq_jessica, uniq_robin

Vanquished Creatures
  A giant gecko
  2 bats
  5 hobgoblins
  A giant newt
  3 kobolds
  3 rats
15 creatures vanquished.
